 Dungeon Crawl Stone Soup version 0.21-a0-401-g0b6bec4 (webtiles) character file.

38 Hasart the Cudgeler (level 3, 0/37 HPs)
             Began as an Ogre Gladiator on Oct 21, 2017.
             Slain by an ooze (4 damage)
             ... on level 1 of the Dungeon.
             The game lasted 00:01:40 (1365 turns).

Hasart the Cudgeler (Ogre Gladiator)                Turns: 1365, Time: 00:01:41

Health: 0/37       AC:  3    Str: 19    XL:     3   Next: 43%
Magic:  3/3        EV: 11    Int:  9    God:
Gold:   18         SH:  0    Dex: 14    Spells: 2/2 levels left

rFire    . . .     SeeInvis .   a - +0 flail
rCold    . . .     Gourm    .   (no shield)
rNeg     . . .     Faith    .   b - +0 robe
rPois    .         Spirit   .   c - +0 hat
rElec    .         Reflect  .   (no cloak)
rCorr    .         Harm     .   (gloves unavailable)
MR       .....                  (boots unavailable)
Stlth    +.........             (no amulet)
HPRegen  0.12/turn              h - +4 ring of dexterity
MPRegen  0.08/turn              (no ring)

@: no status effects
A: unfitting armour, tough skin 1
a: no special abilities


You were on level 1 of the Dungeon.
You were hungry.

You visited 1 branch of the dungeon, and saw 2 of its levels.

You collected 18 gold pieces.

Inventory:

Hand Weapons
 a - a +0 flail (weapon)
Missiles
 d - 3 throwing nets (quivered)
Armour
 b - a +0 robe (worn)
 c - a +0 hat (worn)
Jewellery
 h - a +4 ring of dexterity (left hand)
Scrolls
 e - a scroll of fog {unknown}
 i - a scroll of teleportation {unknown}
Potions
 j - a potion of cancellation {unknown}
 k - a potion of curing {unknown}
Comestibles
 f - a bread ration


   Skills:
 + Level 3.5 Fighting
 * Level 3.6 Maces & Flails
 - Level 2.0 Throwing
 - Level 2.6 Dodging


You had 2 spell levels left.
You didn't know any spells.

Dungeon Overview and Level Annotations

Branches:
Dungeon (2/15)

Altars:


Innate Abilities, Weirdness & Mutations

You are too large for most types of armour.
You have tough skin. (AC +1)


Message History

You climb upwards.
There is a stone staircase leading down here.
Unknown command.
Unknown command.
Unknown command.
You hit the ooze but do no damage. The ooze hits you.
* * * LOW HITPOINT WARNING * * *
You hit the ooze.
The ooze is moderately wounded.
The ooze hits you.
* * * LOW HITPOINT WARNING * * *
You hit the ooze.
The ooze is severely wounded.
The ooze hits you.
* * * LOW HITPOINT WARNING * * *
Unknown command.
You barely miss the ooze.
The ooze is severely wounded.
The ooze misses you. The ooze hits you.
You die...

#####.#### #.......#.#.###.#####
#.##.# #.....###.#.###.#
#....#######....#.#.#.#...# ##
#.#####...........#.#.#.### #.
#.# ##.#####..##.#.#.#.# #. #.#
#...#........#.#.#.# #. #.#
#...#.##.....#.#.#.# #.
#.####...#.#....#.#.#.#.######.
#.#......#.#.J@.....#.#......#.
###.###...........#.###.######.#.
......#..#.#.#....#.# #........+.
###.#.#...........#.##########.#.
#.#.###.#.......#..............
#.#.#......#..#.############'##
#.#.....#..#..#.# #.....
###.###.#.......#.# #.....
#.......#.#..#.##.# #.....


You could see an ooze.

Vanquished Creatures
  An ooze (D:1)
  5 bats
  A giant cockroach (D:1)
  2 goblins (D:1)
  6 hobgoblins
  5 kobolds (D:1)
  A ball python (D:1)
  2 frilled lizards
  10 rats
33 creatures vanquished.

Notes
Turn   | Place    | Note
-------+----------+-------------------------------------------
     0 | D:1      | Hasart the Ogre Gladiator began the quest for the Orb.
     0 | D:1      | Reached XP level 1. HP: 22/22 MP: 1/1
   322 | D:1      | Reached XP level 2. HP: 31/31 MP: 2/2
   771 | D:1      | Reached XP level 3. HP: 37/37 MP: 3/3
  1365 | D:1      | Slain by an ooze

Vault maps used:
D:1:      onia_arrival_mini_maze, kennysheep_another_room
D:2:      overflow_temple_1_default, lemuel_doored_altar

Skill      XL: |  1 |
---------------+----+-----
Fighting       | 3 |  3.5
Maces & Flails | 3 |  3.6
Throwing       | |  2.0
Dodging        | |  2.6

Action                   || total
-------------------------++-------
Melee: Flail             ||    94
  Eat: Chunk             ||     1
Armor: Robe              ||    31
Dodge: Dodged            ||    59

Table legend:
 A = Spawn XP
 B = Non-spawn XP
 C = Spawn XP percentage of total XP
 D = Spawn monster count
 E = Non-spawn monster count
 F = Spawn count percentage of total count
 G = Total turns spent on level
                    A         B        C        D         E        F      G
               +---------+---------+-------+---------+---------+-------+---------
         Total |       0 |      55 |   0.0 |       0 |      33 |   0.0 |  1365
               +---------+---------+-------+---------+---------+-------+---------
           D:1 |       0 |      50 |   0.0 |       0 |      29 |   0.0 |  1217
           D:2 |       0 |       5 |   0.0 |       0 |       4 |   0.0 |   148
               +---------+---------+-------+---------+---------+-------+---------
